Cogmind - Beta 15 @@@ ROGUE MODE // 2025.08.30 @ 12:49:49 Player: laeb2 Result: Destroyed by as-66379 with Assembled Heavy Rifle Performance ------------- Evolutions (0) 0 Regions Visited (2) 400 Robots Destroyed (25) 125 Value Destroyed (517) 517 Prototype IDs (1) 20 Alien Tech Used (0) 0 Bonus (0) 0 TOTAL SCORE: 1062 Bonus ------- None Cogmind --------- Core Integrity 0/250 Matter 50/300 Energy 100/100 System Corruption 7% Temperature Cool (0) Movement Treading (240) Ox1 Location -10/Mines Parts ------- > --- POWER (1) -------- (None) > --- PROPULSION (2) --- Light Treads > --- UTILITY (2) ------ Large Storage Unit Core Shielding > --- WEAPON (2) ------- Mining Claw > --- INVENTORY (15) --- Light Nuclear Core Compact Wheel Heat Sink Experimental Sensor Array Seismic Detector Hacking Suite Hacking Suite Tractor Beam Light Assault Rifle Peak State ------------ > --- POWER ------------ Improved Ion Engine > --- PROPULSION ------- Light Treads Light Treads > --- UTILITY ---------- Large Storage Unit Experimental Sensor Array > --- WEAPON ----------- Heavy Assault Rifle Light Cannon > --- INVENTORY -------- Light Nuclear Core Light Treads Light Treads Compact Wheel Heat Sink Core Shielding Light Armor Plating Hacking Suite Hacking Suite Tractor Beam Light Assault Rifle Light Cannon Grenade Launcher Rocket Launcher Mining Claw [Rating: 19] Favorites ----------- Power Ion Engine Engine Ion Engine Propulsion Light Treads Treads Light Treads Leg Aluminum Leg Utility Seismic Detector Device Seismic Detector Storage Large Storage Unit Protection Utility Shielding Weapon Light Cannon Energy Gun Medium Laser Ballistic Gun Heavy Assault Rifle Ballistic Cannon Light Cannon Launcher Grenade Launcher Slashing Weapon Mining Claw Build | -11 -10 -10 ------- Run | Yrd Mat Min Slots Evolved . | . . . Power . | . . . Propulsion . | . . . Utility . | . . . Weapon . | . . . Parts Attached 25 | 7 7 11 Power 3 | 1 1 1 Engine 3 | 1 1 1 Core . | . . . Reactor . | . . . Propulsion 6 | 2 2 2 Treads 5 | 2 1 2 Leg 1 | . 1 . Wheel . | . . . Hover . | . . . Flight . | . . . Utility 7 | 2 2 3 Device 2 | 1 . 1 Storage 2 | 1 1 . Processor . | . . . Hackware . | . . . Protection 3 | . 1 2 Artifact . | . . . Weapon 9 | 2 2 5 Energy Gun 1 | 1 . . Energy Cannon . | . . . Ballistic Gun 2 | 1 . 1 Ballistic Cannon 3 | . 2 1 Launcher 2 | . . 2 Special Weapon . | . . . Impact Weapon . | . . . Slashing Weapon 1 | . . 1 Piercing Weapon . | . . . Special Melee Weapon . | . . . Unidentified Prototypes 1 | . . 1 Parts Lost 10 | . 1 9 Power 1 | . . 1 Propulsion 4 | . 1 3 Utility 1 | . . 1 Weapon 4 | . . 4 Highest Loss Streak 8 | . 1 8 To Critical Strikes . | . . . Average Backups 12 | 5 10 14 Power 1 | . 1 1 Propulsion 2 | 2 3 2 Utility 4 | . 4 6 Weapon 3 | 1 2 4 Tool/Special . | . . . Unused Backups 17 | . 5 12 Power 2 | . . 2 Propulsion 3 | . 1 2 Utility 10 | . 3 7 Weapon 1 | . . 1 Tool/Special 1 | . 1 . Average Slot Usage (%) 98 | . 99 97 Engine 13 | . 14 13 Treads 26 | . 26 26 Device 11 | . 11 12 Storage 14 | . 14 14 Protection 2 | . 2 1 Ballistic Gun 8 | . 5 12 Ballistic Cannon 16 | . 22 9 Launcher 2 | . . 4 Peak Build Rating 19 | 7 8 19 Average Rating 8 | 4 7 10 On Entrance 5 | . 7 8 Naked Turns . | . . . Heaviest Build 37 | 14 32 37 Greatest Support 40 | 40 40 40 Greatest Overweight (x) 1 | . 1 1 Average Overweight (x) . | . . . Largest Inventory Capacity 15 | 8 15 15 Average Capacity 12 | 7 11 15 Most Carried 15 | 8 15 15 Average Carried 12 | 5 10 14 Final Capacity 15 | 8 15 15 Final Carried 15 | 7 15 9 Class Distribution -------------------- 100% | Mutant Dominant Class ---------------- Mutant | -10/Materials Mutant | -10/Mines Resources | -11 -10 -10 ----------- Run | Yrd Mat Min Matter Collected 881 | 299 372 210 Remotely . | . . . Salvage Created 777 | 91 496 190 Parts 38 | 5 28 5 Haulers Intercepted 2 | . 2 . Recyclers Shooed 1 | 1 . . Parts Field Recycled . | . . . Retrieved Matter . | . . . Parts Self-Destructed . | . . . Prevented . | . . . Kills | -11 -10 -10 ------- Run | Yrd Mat Min Combat Hostiles Destroyed 27 | . 10 17 Guns 5 | . . 5 Cannons 13 | . 10 3 AOE 9 | . . 9 Classes Destroyed 10 | 2 6 2 Worker 1 | . 1 . Builder 1 | . 1 . Tunneler 2 | 2 . . Hauler 2 | . 2 . Recycler 4 | 1 3 . Operator 2 | . 2 . Swarmer 3 | . 3 . Grunt 9 | . 7 2 Sentry 1 | . . 1 Assembled 14 | . . 14 Best Kill Streak 14 | 2 3 14 Combat Bots Only 14 | . 3 14 Max Kills in Single Turn 2 | 1 2 2 Gunslinging . | . . . Exploded 2 | . . 2 Melee . | . . . Uniques/NPCs Destroyed . | . . . Combat | -11 -10 -10 -------- Run | Yrd Mat Min Hostile Shots Fired 126 | . 47 79 Missed 32 | . 9 23 Hits 94 | . 38 56 Melee 21 | . . 21 Projectile 73 | . 38 35 Damage Taken 1780 | . 570 1210 Core 255 | . 94 161 Absorbed by Shields . | . . . Redirected to Shielding 26 | . . 26 Regen/Repaired (Parts) 17 | . 17 . Core Remaining (%) 100 | 100 . . Volleys Fired 116 | 31 50 35 Largest 2 | 2 2 2 Hottest 70 | 70 60 60 Shots Fired 187 | 37 100 50 Gun 66 | 37 10 19 Cannon 107 | . 90 17 Launcher 14 | . . 14 Special . | . . . Kinetic 167 | 31 100 36 Thermal 6 | 6 . . Explosive 14 | . . 14 Electromagnetic . | . . . Robot Hit Streak 8 | 6 7 8 Robot Miss Streak 5 | 5 5 2 Penetration Max . | . . . Secondary Targets . | . . . Shots Hit Robots 113 | 23 58 32 Core Hits 62 | 6 21 35 Critical Kills . | . . . Critical Parts Destroyed . | . . . Critical Strikes 5 | 1 2 2 Burn 1 | 1 . . Blast 4 | . 2 2 Melee Attacks 2 | . . 2 Impact . | . . . Slashing 2 | . . 2 Piercing . | . . . Sneak Attacks . | . . . Combat Hostiles . | . . . Follow-up Attacks . | . . . Damage Inflicted 2448 | 208 1199 1041 Guns 460 | 208 53 199 Cannons 1218 | . 968 250 Explosions 766 | . 174 592 Melee . | . . . Ramming 4 | . 4 . Kinetic 1640 | 170 1021 449 Thermal 38 | 38 . . Explosive 766 | . 174 592 Electromagnetic . | . . . Impact . | . . . Slashing . | . . . Piercing . | . . . Highest Corruption 7 | . . 7 Average Corruption 5 | . . 5 Corruption Purged . | . . . Corruption Blocked . | . . . Effects 2 | . . 2 Message Errors 1 | . . 1 Data Loss (minor) 1 | . . 1 Overload Shots . | . . . Overflow Damage 29 | . 8 21 Projectiles . | . . . Explosions 29 | . 8 21 Melee . | . . . Knockbacks 20 | . 15 5 Impact 1 | . 1 . Kinetic 19 | . 14 5 Secondary . | . . . Self-Inflicted Damage 263 | . 113 150 Shots 5 | . 1 4 Rammed 1 | . 1 . Targets Rammed 1 | . 1 . Kicked . | . . . Crushed . | . . . Highest Temperature 100 | 100 78 20 Average Temperature 34 | 47 35 12 Received Heat Transfer 251 | . 231 20 Siege Activations . | . . . Martial Activations . | . . . Shielding Activations . | . . . Robots Disrupted . | . . . Combat Hostiles . | . . . Robots Corrupted . | . . . Combat Hostiles . | . . . Parts Fried . | . . . Impact Corruptions . | . . . Robots Melted . | . . . Combat Hostiles . | . . . Parts Melted 1 | 1 . . Heat Transferred 185 | 185 . . Parts Sabotaged . | . . . Parts Stolen . | . . . Parts Stripped . | . . . Power Chain Reactions . | . . . Alert | -11 -10 -10 ------- Run | Yrd Mat Min Maximum Alert Level 1 | . 1 . Low Security (%) 95 | 100 89 100 Level 1 4 | . 10 . Level 2 . | . . . Level 3 . | . . . Level 4 . | . . . Level 5 . | . . . High Security . | . . . Max Security . | . . . Peak Influence 221 | 10 221 86 Initial 66 | . . 66 Average 49 | . 90 14 Influence Increases 543 | 15 408 120 Destroy 0b10 Robot/C 260 | . 200 60 Destroy 0b10 Robot/NC 60 | 15 45 . Destroy Leader 64 | . 54 10 Disable Machine 45 | . 45 . Destroy Structure 69 | . 19 50 Lose Combat Pursuer 45 | . 45 . Influence Decreases 543 | 15 237 291 Entered New Map 105 | . . 105 Time Decay 413 | 15 227 171 Lost Part 25 | . 10 15 Squads Dispatched 4 | . 4 . Investigation 2 | . 2 . Extermination . | . . . Reinforcement 2 | . 2 . Assault . | . . . Garrison . | . . . Intercept . | . . . Searches Triggered . | . . . Construction Impeded . | . . . Haulers Reinforced . | . . . Active Scanning Responses . | . . . Cargo Convoy Interrupts . | . . . Stealth | -11 -10 -10 --------- Run | Yrd Mat Min Distress Signals 3 | . 3 . Communications Jammed . | . . . Distress Signals . | . . . Times Spotted 45 | . 23 22 Peak Tracking Total 5 | . 5 5 Tactical Retreats 4 | . 2 2 Traps | -11 -10 -10 ------- Run | Yrd Mat Min Traps Triggered 1 | . 1 . Indirectly . | . . . Trap Hack Attempts . | . . . Triggered . | . . . Disarmed . | . . . Reprogrammed . | . . . Reused . | . . . Traps Extracted . | . . . Installed . | . . . Triggered . | . . . Machines | -11 -10 -10 ---------- Run | Yrd Mat Min Machines Disabled 4 | . 4 . Max in Single Turn 2 | . 2 . Machines Repaired . | . . . Machines Dismantled . | . . . Machines Sabotaged . | . . . Overloaded Fab Kills . | . . . Hacking | -11 -10 -10 --------- Run | Yrd Mat Min Machines Accessed 1 | . 1 . Terminals . | . . . Fabricators . | . . . Repair Stations 1 | . 1 . Recycling Units . | . . . Scanalyzers . | . . . Garrison Access . | . . . Total Hacks 2 | . 2 . Successful 1 | . 1 . Failed 1 | . 1 . Catastrophic . | . . . Database Lockouts . | . . . Manual 1 | . 1 . Terminals . | . . . Fabricators . | . . . Repair Stations 2 | . 2 . Recycling Units . | . . . Scanalyzers . | . . . Garrison Access . | . . . Terminal Hacks . | . . . Fabricator Hacks . | . . . Repair Station Hacks . | . . . Recycling Unit Hacks . | . . . Scanalyzer . | . . . Garrison Access Hacks . | . . . Unauthorized Hacks 1 | . 1 . Terminals . | . . . Fabricators . | . . . Repair Stations 1 | . 1 . Patch 1 | . 1 . Recycling Units . | . . . Scanalyzers . | . . . Garrison Access . | . . . Data Cores Recovered . | . . . Used . | . . . Hacking Detections 1 | . 1 . Full Trace Events . | . . . Feedback Events . | . . . Feedback Blocked . | . . . Robot Schematics Acquired . | . . . Robots Built . | . . . Authchips . | . . . Time . | . . . Total Robot Build Rating . | . . . Part Schematics Acquired . | . . . Parts Built . | . . . Authchips . | . . . Time . | . . . Total Part Build Rating . | . . . Parts Repaired . | . . . Time . | . . . Parts Recycled . | . . . Recycled Matter . | . . . Retrieved Matter . | . . . Retrieved Components . | . . . Parts Scanalyzed . | . . . Part Schematics Acquired . | . . . Parts Damaged . | . . . Bothacking | -11 -10 -10 ------------ Run | Yrd Mat Min Used RIF Installer . | . . . Robots Hacked . | . . . Non-combat . | . . . Combat . | . . . Robot Hacks Applied . | . . . Relay Couplers Released . | . . . Fabnet Peak Effective % . | . . . Robots Rewired . | . . . Allies Hacked . | . . . Hacks Repelled . | . . . Allies | -11 -10 -10 -------- Run | Yrd Mat Min Total Allies . | . . . Largest Group . | . . . Highest-Rated Group . | . . . Highest-Rated Ally . | . . . Total Orders . | . . . Ally Attacks . | . . . Total Damage . | . . . Kills . | . . . Allies Corrupted . | . . . Allies Melted . | . . . Intel | -11 -10 -10 ------- Run | Yrd Mat Min Active Infowar (turns) 1355 | 31 685 639 Sensors 7 | . . 7 Seismic 1348 | 31 685 632 Robot Analysis Total . | . . . Derelict Logs Recovered 2 | . . 2 Drone Launches . | . . . Drone Recoveries . | . . . Exploration | -11 -10 -10 ------------- Run | Yrd Mat Min Turns Passed 1732 | 174 822 736 Spaces Moved 665 | 67 298 300 Core 14 | 14 . . Treads 651 | 53 298 300 Legs . | . . . Wheels . | . . . Hover . | . . . Flight . | . . . Fastest Speed 50 | 50 160 160 Average Speed 159 | 137 161 161 Slowest Speed 240 | 160 240 240 Overloaded Moves . | . . . Propulsion Burnouts . | . . . Robots Hopped . | . . . Potential Cave-ins . | . . . Cave-ins Triggered . | . . . Exploration Rate (%) 40 | 5 54 62 Regions Visited 2 Branch Regions 1 Pre-discovered Areas . | . . . Known Exits Taken . | . . . Unknown Exits Taken 2 | 1 1 . Scrap Searched 1 | . . 1 Spaces Dug . | . . . Terrain Destroyed 91 | . 17 74 Melee . | . . . Projectile . | . . . AOE 91 | . 17 74 Terrain Rammed . | . . . Walls Destroyed . | . . . Machines Disabled . | . . . Actions | -11 -10 -10 --------- Run | Yrd Mat Min Total 1162 | 119 543 500 Wait 287 | 1 160 126 Move 663 | 66 297 300 Hop . | . . . Pick Up 40 | 14 17 9 Fast Attach 3 | . 1 2 Attach 15 | 7 1 7 Detach . | . . . Swap 13 | . 6 7 Drop 22 | . 10 12 Fire 116 | 31 50 35 Melee 2 | . . 2 Ram . | . . . Kick . | . . . Crush 1 | . 1 . Escape Stasis . | . . . Rewire . | . . . Trap . | . . . Miscellaneous . | . . . Route ------- -11/Scrapyard -10/Materials (discovered 2 exits: [*Mat] / [*Min]) -10/Mines History --------- Turn | Location | Event 2 | -11/Scrapyard | Met Revision 17 12 | -11/Scrapyard | Discovered new exit (range 15) 175 | -11/Scrapyard | Entered Materials 323 | -10/Materials | Build established: Mutant 583 | -10/Materials | Discovered new exit (range 15) 914 | -10/Materials | Discovered new exit (range 6) 997 | -10/Materials | Entered Mines 998 | -10/Mines | Met a Derelict bent on vengeance 999 | -10/Mines | Joined a pair of Derelicts in attacking an 0b10 outpost 1119 | -10/Mines | Found a hidden stash of uninstalled traps 1124 | -10/Mines | Learned Materials terminal intel 1185 | -10/Mines | Received a Rocket Launcher from a helpful Derelict 1390 | -10/Mines | Assembled infested the area 1393 | -10/Mines | Learned Materials security intel 1441 | -10/Mines | Found a damaged Exp. Sensor Array with a note attached 1444 | -10/Mines | Found Prototype Device 1444 | -10/Mines | Identified Exp. Sensor Array 1657 | -10/Mines | Core integrity fell below 50% 1724 | -10/Mines | Core integrity fell below 20% 1733 | -10/Mines | Destroyed by as-66379 with Assembled Heavy Rifle Last Messages --------------- 01700_ The unstable cave ceiling collapses. 01702_ as-91773 knocked back. 01702_ as-91773 destroyed. 01708_ as-27735 knocked back. 01716_ Imp. Ion Engine destroyed. 01717_ as-27735 knocked back. 01717_ as-27735 destroyed. 01718_ Lgt. Treads destroyed. 01722_ The unstable cave ceiling collapses. 01722_ U-05 Engineer lays Concrete. 01726_ Lgt. Cannon destroyed. 01726_ Hvy. Assault Rifle destroyed. 01726_ System corrupted by crushing effect (+2). 01726_ U-05 Engineer lays Concrete. 01730_ VHE2/CDTA:ZML%PUJ/#C#XZNI5RVA 01730_ U-05 Engineer lays Concrete. 01732_ The unstable cave ceiling collapses. 01732_ U-05 Engineer lays Concrete. 01733_ The unstable cave ceiling collapses. 01733_ U-05 Engineer lays Concrete. Map ----- +----------------------------------------------------+ | | | ?????????????????????????????????????????????????? | | ?????????????????????????????????????????????????? | | ?????????????????????????????????????????????????? | | ?????????????????????????????????????????????????? | | ?????????????????????????????????????????????????? | | ?????????????????????????????????????????????????? | | ?????????????????????????????????????????????????? | | ?????????????????????????????????????????????????? | | ???????????#########?????????????????????????????? | | ???????????# #?????????????????????????????? | | ???????????# #?????????????????????????????? | | ???????????# ### #?????????????????????????????? | | ???????????# #?# #?????????????????????????????? | | ###????????# #?# #?????????????????????????????? | | ########## ### ##????????????????????????????? | | ## #????????????????????????????? | | #] #????????????????????????????? | | ########## ##???????????????????????????? | | #??????## ##??????#???#???????????????? | | ##?????## #####? #?#!????????????????? | | ######## ## ? !?????????????????? | | ## %# #??????????????????? | | # ### % %###??????????????????? | | # ###### #?## a #??##??????????????? | | # #????# #??## u@a%### #??????????????? | | ## #????# #???## u a #??????????????? | | #????# #????### % #????????????? | | #????# #?????# # # ## #?????????? | | #####????# #?????### a # ##????????? | | ##????????# #???????### # # ???????? | | #????????? ?????????#### ???????? | | ##????????? ?????????????# ??????? | | #?????????? ??????????????## ???????? | | ??????????? ???????????????? ???????? | | ?????????? #???????????????# # # ???????? | | ?????????? ##????????????????#####? ????????? | | ??????????####???????????####????????????????????? | | ????????????????????????## #???????????????????? | | ????????????????????????# ##?????????????????? | | ????????????????????????# ##????????????????? | | ?????????????????????????# #????????????????? | | ??????????????????????????# ##???????????????? | | ?????????????????????????#### ###?????????????? | | ????????????????????????##! ## ##????????????? | | ????????????????????????#%!!=# #????????????? | | #??????????????????????#! / #????????????? | | #??????????????????????#%! / #######???????? | | #???????????????????????#"] # #???????? | | ????????????????????????##!!## ##### #???????? | +----------------------------------------------------+ Best States ------------- Heat Dissipation 25 Energy Generation 12 Energy Capacity 265 Matter Stores 300 Matter Capacity 300 Sight Range 16 Robot Scan Range 20 Terrain Scan Density 10 Armor Coverage 150 Core Shielding 20 Utility Shielding 33 Evasion (%) 50 Recoil Reduction 2 Item Schematics ----------------- None Robot Schematics ------------------ None Fabricated ------------ Nothing Repaired ---------- Nothing Alien Tech Used ----------------- None Achievements -------------- None Challenges ------------ None Game ------ Seed SpikedThiefSaw Manual? 0 Play Time 00:15:04 Cumulative 107.7 hours Start 2025.08.30 @ 12:34:56 End 2025.08.30 @ 12:49:49 Sessions 1 Manual Loads 0 Difficulty Rogue Special Mode None Game No. 125 Rogue 125 Adventurer 0 Explorer 0 Win Type - Total 2 Types 2/0/0/0/0/0/0/0/0/0 Lore% 65 Gallery% 58 Achievement% 54 Wizard Run 0 Options --------- Layout 0 ASCII 0 Keyboard 0 Movement Mouse Keybinds 0 Fullscreen 1 Font 24/Smallcaps Map View 76x50 Zoom Use 0% Tactical HUD 1 Map Filters NONE Filters NONE Steam 1 RUN: 8977cf21-4483-43f2-94a6-f90b779ba6bf